 Dungeon Crawl Stone Soup version 0.30-a0-465-g8901f6c8b5 (webtiles) character file.

Game seed: 11434903878103886995

278 drugrobin the Ruffian (level 5, -6/42 HPs)
             Began as a Demigod Delver on Dec 18, 2022.
             Mangled by Duvessa
             ... wielding a +0 short sword
              (15 damage)
             ... on level 4 of the Dungeon.
             The game lasted 00:11:21 (3611 turns).

drugrobin the Ruffian (Demigod Delver)              Turns: 3611, Time: 00:11:21

Health: -6/42      AC:  7    Str: 17    XL:     5   Next: 75%
Magic:  7/7        EV: 10    Int: 12    God:
Gold:   169        SH:  0    Dex: 15    Spells: 4/4 levels left

rFire   + . .      SeeInvis .      - Unarmed
rCold   . . .      Faith    .    (no shield)
rNeg    . . .      Spirit   .    r - +1 scale mail {rF+}
rPois   .          Reflect  .    (no helmet)
rElec   .          Harm     .    (no cloak)
rCorr   .          Rampage  .    (no gloves)
Will    .....                    (no boots)
Stlth   +.........               (no amulet)
HPRegen 0.27/turn                p - ring of wizardry
MPRegen 0.10/turn                (no ring)

@: hasted, very quick
A: high MP 1, forlorn, divine attributes
a: no special abilities


You were on level 4 of the Dungeon.
You visited 1 branch of the dungeon, and saw 5 of its levels.

You collected 169 gold pieces.

Inventory:

Hand Weapons
 b - a +0 sling
Missiles
 v - 2 poisoned darts (quivered)
Armour
 a - a +0 leather armour
 r - a +1 scale mail of fire resistance (worn)
Jewellery
 p - a ring of wizardry (left hand)
 A - a ring of ice
Wands
 f - a wand of digging (2)
Scrolls
 c - 2 scrolls of magic mapping
 g - 4 scrolls of enchant weapon {unknown}
 i - a scroll of immolation {unknown}
 k - 2 scrolls of poison {unknown}
 l - a scroll of enchant armour {unknown}
 n - 2 scrolls of fog
 s - a scroll of blinking {unknown}
 w - a scroll of fear
 x - a scroll of brand weapon {unknown}
 y - a scroll of noise {unknown}
Potions
 h - 2 potions of brilliance {unknown}
 j - 2 potions of heal wounds
 m - a potion of lignification {unknown}
 o - 2 potions of mutation {unknown}
 q - 3 potions of attraction {unknown}
 t - a potion of curing {unknown}
 u - 2 potions of degeneration {unknown}
 z - a potion of berserk rage {unknown}


   Skills:
 - Level 2.6 Fighting
 - Level 1.7 Dodging
 - Level 4.5 Stealth
 + Level 5.8 Unarmed Combat


You had 4 spell levels left.
You didn't know any spells.
Your spell library contained the following spells:

 Spells                   Type           Power      Damage    Failure   Level
 Necrotise                Necr           0%         1d4       43%         1
 Vampiric Draining        Necr           0%         2d6       78%         3
 Agony                    Necr           0%         N/A       100%        5


Dungeon Overview and Level Annotations

Branches:
Dungeon (5/15)             Temple (0/1) D:4

Annotations:
D:2 1 runed translucent door, Crazy Yiuf
D:4 Duvessa


Innate Abilities, Weirdness & Mutations

You have an increased reservoir of magic. (+10% MP)
You shall have no god before yourself.
Your divine heritage dramatically boosts your attributes as you level up.


Message History

Unknown command.
You closely miss Duvessa. Duvessa hits you with a +0 short sword.
Dowan says, "Magic and the sword, together, will defeat you."
Dowan hits you with a +0 dagger.
You punch Dowan!
You kill Dowan!
Duvessa screams, "No!
How DARE you!"
Duvessa goes berserk!
Duvessa hits you with a +0 short sword!
Unknown command.
Unknown command.
Okay, then.
You feel much better. Duvessa misses you.
Duvessa hits you with a +0 short sword!
You feel yourself speed up. Duvessa hits you with a +0 short sword!
* * * LOW HITPOINT WARNING * * *
An endoplasm comes into view.
Unknown command.
Duvessa attacks as you move away! Duvessa hits you with a +0 short sword.
* * * LOW HITPOINT WARNING * * *
Unknown command.
You feel much better. Duvessa hits you with a +0 short sword!
Unknown command.
Unknown command.
Duvessa attacks as you move away! Duvessa hits you with a +0 short sword!
* * * LOW HITPOINT WARNING * * *
The endoplasm hits you but does no damage.
A quokka comes into view.
Unknown command.
Unknown command.
Unknown command.
Duvessa attacks as you move away! Duvessa barely misses you.
Unknown command.
Unknown command.
Found a scroll labelled OSKOESHACO.
Unknown command.
Unknown command.
Unknown command.
Unknown command.
Duvessa attacks as you move away! Duvessa hits you with a +0 short sword!
You die...

......# ####........
#.....#####..#........
...[.##.##............ .
......>.##..........##..
....##).#..#...##.......
....###...J.#.#..#....#
....##...#..#....#...##
##.....#..##....#.....#
#...###.....J.e@....#
#...# #..#....##.....#
#..## #.#....#..#.#..?.
## #.#..#.#......###
#..##...#.....# ... ....
.##..# ....#.... ##
...##.#.. #....
#........ .###...
.......#


You could see Duvessa (berserk) and an endoplasm.

Vanquished Creatures
  Dowan (D:4)
  A hound (D:5)
  2 orc wizards (D:3)
  3 gnolls (D:3)
  3 adders
  An ufetubus (D:5)
  A worm (D:3)
  6 dart slugs
  3 orcs (D:3)
  2 bats
  8 endoplasms
  A giant cockroach (D:1)
  14 goblins
  5 hobgoblins
  3 jackals (D:1)
  A quokka (D:1)
  7 ball pythons
  3 frilled lizards
  2 kobolds (D:1)
  5 rats
72 creatures vanquished.

Vanquished Creatures (others)
  6 fungi (D:3)
6 creatures vanquished.

Grand Total: 78 creatures vanquished

Notes
Turn   | Place    | Note
-------+----------+-------------------------------------------
     0 | D:5      | drugrobin the Demigod Delver began the quest for the Orb.
     0 | D:5      | Reached XP level 1. HP: 18/18 MP: 3/3
    24 | D:5      | Noticed an iguana
   102 | D:5      | Reached skill level 2 in Unarmed Combat
   171 | D:5      | Noticed an ogre
   253 | D:4      | Noticed an ogre
   314 | D:3      | Noticed an orc wizard
   330 | D:3      | Reached XP level 2. HP: 21/25 MP: 4/4
   501 | D:2      | Reached skill level 3 in Unarmed Combat
   578 | D:2      | Found a runed translucent door.
   579 | D:2      | Noticed Crazy Yiuf
   825 | D:1      | Reached XP level 3. HP: 30/30 MP: 5/5
  1853 | D:2      | Reached skill level 4 in Unarmed Combat
  2161 | D:3      | Reached XP level 4. HP: 31/37 MP: 6/6
  2602 | D:3      | Noticed a balrug
  2897 | D:3      | Reached skill level 5 in Unarmed Combat
  2897 | D:3      | Reached XP level 5. HP: 38/42 MP: 7/7
  3444 | D:4      | Noticed Duvessa
  3476 | D:4      | Noticed Dowan
  3483 | D:4      | Found a staircase to the Ecumenical Temple.
  3597 | D:4      | Killed Dowan
  3611 | D:4      | Mangled by Duvessa

Illustrated notes

Levels and vault maps discovered:
D:1:      matt_arrival_los_fun, layout_basic
D:2:      layout_loops_ring, chequers_hall_statues_corner_a,
          uniq_crazy_yiuf_cottage
D:3:      layout_basic, grunt_dithmenos_smoke, makhleb_altar_promises_db,
          dreamdust_mushroom_princess, minmay_misc_feat_chi
D:4:      kennysheep_the_goblin_king, layout_cave_pools,
          minmay_temple_entry_mini_moons, minivault_23, kennysheep_crisscross,
          uniq_duvessa, uniq_eustachio
D:5:      layout_layer_cave, nicolae_ru_path_of_blood

Skill      XL: |  1  2  3  4 |
---------------+-------------+-----
Unarmed Combat | 2 3 4 5 |  5.8
Fighting       | |  2.6
Dodging        | |  1.7
Stealth        | |  4.5

Action                   |  1- 3 |  4- 6 || total
-------------------------+-------+-------++-------
Melee: Unarmed           |   143 |   115 ||   258
       Punch             |     1 |     8 ||     9
 Fire: Sling             |    10 |       ||    10
Throw: Stone             |     1 |       ||     1
       Throwing net      |       |     4 ||     4
Evoke: Wand              |     1 |       ||     1
  Use: Scroll            |     1 |       ||     1
       Potion            |       |     4 ||     4
 Stab: Sleeping          |     5 |     1 ||     6
       Distracted        |       |     1 ||     1
Armor: Leather armour    |    18 |       ||    18
       Scale mail        |    23 |    52 ||    75
Dodge: Dodged            |    80 |    65 ||   145

Table legend: (Time is in decaauts)
 A = Elapsed time spent in this place.
 B = Non-inter-level travel time spent in this place.
 C = Inter-level travel time spent in this place.
 D = Time resting spent in this place.
 E = Time spent auto-exploring this place.
 F = Levels seen in this place.
 G = Mean time per level.
                   A        B        C        D        E       F      G
               +--------+--------+--------+--------+--------+-----+--------+
         Total |   3588 |   3481 |    107 |    368 |   1943 |   5 |  717.6 |
       Dungeon |   3588 |   3481 |    107 |    368 |   1943 |   5 |  717.6 |
               +--------+--------+--------+--------+--------+-----+--------+

Top non-repeatable levels by time:
     D:3: 1474 daAuts
     D:1: 884 daAuts
     D:2: 699 daAuts
     D:5: 344 daAuts
     D:4: 186 daAuts
